 Dungeon Crawl Stone Soup version 0.20-a0-219-g21f8257 (console) character file.

145 Blackmore the Chopper (level 5, -10/47 HPs)
             Began as a Minotaur Fighter on Nov 28, 2016.
             Mangled by a kobold
             ... wielding a +2 short sword of electrocution
              (18 damage)
             ... on level 3 of the Dungeon.
             The game lasted 00:05:57 (1720 turns).

Blackmore the Chopper (Minotaur Fighter)            Turns: 1720, Time: 00:05:58

Health: -10/47     AC:  7    Str: 21    XL:     5   Next: 6%
Magic:  4/4        EV:  7    Int:  5    God:
Gold:   117        SH:  9    Dex: 10    Spells: 4/4 levels left

rFire  . . .     SeeInvis .     a - +0 war axe
rCold  . . .     Gourm    .     b - +0 scale mail
rNeg   . . .     Faith    .     c - +0 shield
rPois  .         Spirit   .     (helmet restricted)
rElec  .         Reflect  .     (no cloak)
rCorr  .         Harm     .     (no gloves)
MR     .....                    (no boots)
Stlth  ..........               (no amulet)
                                (no ring)
                                (no ring)

@: lethally poisoned (-10 -> -20), slowed, very slow
A: retaliatory headbutt, horns 2
a: no special abilities


You were on level 3 of the Dungeon.
You were not hungry.

You visited 1 branch of the dungeon, and saw 3 of its levels.

You collected 117 gold pieces.

Inventory:

Hand Weapons
 a - a +0 war axe (weapon)
 s - a +0 blowgun
Missiles
 t - 14 poisoned needles
Armour
 b - a +0 scale mail (worn)
 c - a +0 shield (worn)
Jewellery
 m - a +4 ring of dexterity {unknown}
Scrolls
 d - a scroll of enchant armour {unknown}
 e - a scroll of fog {unknown}
 g - a scroll of amnesia {unknown}
 h - a scroll of recharging {unknown}
 i - 3 scrolls of identify {unknown}
 o - a scroll of immolation {unknown}
 r - a scroll of teleportation {unknown}
Potions
 j - a potion of magic {unknown}
 l - a potion of agility {unknown}
 n - a potion of flight {unknown}
Comestibles
 f - 4 bread rations
 k - 2 beef jerkies
 q - a meat ration


   Skills:
 * Level 4.6 Fighting
 * Level 4.8 Axes
 + Level 4.3 Armour
 + Level 4.1 Shields


You had 4 spell levels left.
You didn't know any spells.

Dungeon Overview and Level Annotations

Branches:
Dungeon (3/15)

Altars:
Trog


Innate Abilities, Weirdness & Mutations

You reflexively headbutt those who attack you in melee.
You have a pair of horns on your head.


Message History

The curare-tipped needle hits you.
You are more poisoned.
You have difficulty breathing.
* * * LOW HITPOINT WARNING * * *
You feel yourself slow down.
* * * LOW HITPOINT WARNING * * *
You feel sick.
The kobold unwields an uncursed blowgun.
The kobold wields an uncursed short sword of electrocution.
You hear the crackle of electricity.
You block the kobold's attack. The kobold hits you but does no damage.
Things that are here:
a hand axe; an inky potion; a goblin corpse You closely miss the kobold.
* * * LOW HITPOINT WARNING * * *
You feel sick. The kobold hits you but does no damage.
The kobold hits you with an uncursed short sword of electrocution.
* * * LOW HITPOINT WARNING * * *
You are electrocuted!
You die...

......# .####...#
#...>.%..# .# #
#..K.....# .#
#.###########........# .#
#...........#........# .#
#.####.###.#.......# .#
#.# #.#...g...# .#### #
###.# #(#.......#
....###.##...###@##(....#
................K.......#
#######..#.#####.##.....#
#..#.# #.###...##
#..#.#####.# #.##
#..........# .#
##.#.####### .#
########.#.####### .#
......##.[........


You could see a kobold.

Vanquished Creatures
  2 orc priests (D:3)
  A gnoll (D:1)
  An adder (D:3)
  A worm (D:3)
  An adder skeleton (D:3)
  2 leopard geckos
  6 orcs (D:3)
  4 bats
  3 giant cockroaches
  7 goblins
  8 hobgoblins
  5 kobolds
  A quokka (D:3)
  A ball python (D:3)
  6 frilled lizards
  4 rats
53 creatures vanquished.

Notes
Turn   | Place    | Note
-------+----------+-------------------------------------------
     0 | D:1      | Blackmore the Minotaur Fighter began the quest for the Orb.
     0 | D:1      | Reached XP level 1. HP: 19/19 MP: 0/0
    92 | D:1      | Reached XP level 2. HP: 24/27 MP: 1/1
   356 | D:1      | You fall through a shaft!
   461 | D:2      | Reached XP level 3. HP: 33/33 MP: 2/2
   548 | D:2      | Found a bloodstained altar of Trog.
  1069 | D:3      | HP: 1/33 [orc priest/divine providence (12)]
  1072 | D:3      | Reached XP level 4. HP: 2/41 MP: 3/3
  1077 | D:3      | HP: 2/41 [hobgoblin/club (1)]
  1429 | D:3      | Reached XP level 5. HP: 37/47 MP: 4/4
  1720 | D:3      | Mangled by a kobold

Vault maps used:
D:1:      erik_arrival_gehennom, nrook_loot_triangle
D:2:      lemuel_doored_altar, first_bread
D:3:      kennysheep_orc_chapel

Skill      XL: |  1  2  3 |
---------------+----------+-----
Fighting       | 4 |  4.6
Armour         | 4 |  4.3
Axes           | 4 |  4.8
Shields        | 4 |  4.1

Action                   |  1- 3 |  4- 6 || total
-------------------------+-------+-------++-------
Melee: War axe           |    75 |    34 ||   109
       Headbutt          |    14 |     1 ||    15
  Use: Potion            |     1 |     1 ||     2
  Eat: Chunk             |     1 |     2 ||     3
Armor: Scale mail        |    25 |    14 ||    39
Dodge: Dodged            |    19 |    13 ||    32
Block: Shield            |    34 |    20 ||    54
